 Dungeon Crawl Stone Soup version 0.30-a0-141-g30f27751c5 (webtiles) character file.

Game seed: 1459319764956944739

304 qw the Chopper (level 6, -2/38 HPs)
             Began as a Gargoyle Fighter on Sept 25, 2022.
             Slain by a gnoll
             ... wielding a +0 spear
             ... led by a gnoll bouda
              (3 damage)
             ... on level 4 of the Dungeon.
             The game lasted 00:01:01 (2848 turns).

qw the Chopper (Gargoyle Fighter)                   Turns: 2848, Time: 00:01:01

Health: -2/38      AC: 18    Str: 22    XL:     6   Next: 38%
Magic:  6/6        EV:  6    Int:  8    God:
Gold:   241        SH:  4    Dex:  9    Spells: 5/5 levels left

rFire   . . .      SeeInvis .    Y - +0 war axe
rCold   . . .      Faith    .    c - +0 buckler
rNeg    + . .      Spirit   .    g - +0 plate armour
rPois   inf        Reflect  .    (no helmet)
rElec   +          Harm     .    e - +1 cloak
rCorr   .          Rampage  .    (no gloves)
Will    .....                    (no boots)
Stlth   ..........               (no amulet)
HPRegen 0.12/turn                (no ring)
MPRegen 0.10/turn                (no ring)

@: no status effects
A: sickness immunity, AC +4, negative energy resistance 1, electricity
resistance, torment resistance 1, petrification resistance
a: no special abilities


You were on level 4 of the Dungeon.
You visited 1 branch of the dungeon, and saw 4 of its levels.

You collected 241 gold pieces.


Innate Abilities, Weirdness & Mutations

You are immune to sickness and miasma.
Your stone body is resilient. (AC +4)
You are immune to poison.
You resist negative energy. (rN+)
You are resistant to electric shocks. (rElec)
You are resistant to unholy torment.
You are immune to petrification.


   Skills:
 - Level 4.0 Fighting
 + Level 5.6 Axes
 - Level 3.2 Armour
 - Level 3.2 Shields


You had 5 spell levels left.
You didn't know any spells.
Your spell library was empty.

Inventory:

Hand Weapons
 h - a +0 flail
 Y - a +0 war axe (weapon)
Missiles
 j - a boomerang (quivered)
Armour
 c - a +0 buckler (worn)
 e - a +1 cloak (worn)
 g - a +0 plate armour (worn)
Jewellery
 b - a +6 ring of dexterity
Potions
 a - a potion of curing {unknown}
 d - 2 potions of might
 f - 2 potions of lignification {unknown}

Dungeon Overview and Level Annotations

Branches:
Dungeon (4/15)
 Temple: D:4-7

Altars:
Cheibriados
Ru


Message History

A gnoll comes into view. It is wielding a +0 spear.
The gnoll moves out of view.
You hit the gnoll bouda but do no damage.
The gnoll bouda is almost dead.
The gnoll is no longer moving quickly.
The gnoll bouda barely misses you. The gnoll barely misses you.
The gnoll bouda barks out a call to the hunt!
The gnoll picks up the pace!
The gnoll hits you but does no damage.
You slash the gnoll bouda!
You kill the gnoll bouda!
The gnoll barely misses you.
Your Fighting skill increases to level 4!
The gnoll hits you from afar with a +0 spear.
The gnoll hits you but does no damage.
Things that are here:
a +0 club; a gnoll corpse You completely miss the gnoll.
The gnoll hits you but does no damage. x2
You slash the gnoll!
You kill the gnoll!
The gnoll is no longer moving quickly.
The gnoll barely misses you. The gnoll hits you but does no damage.
The gnoll hits you with a +0 spear.
You see here a +0 spear.
You barely miss the gnoll. The gnoll hits you but does no damage.
You hit the gnoll.
The gnoll is lightly wounded.
The gnoll hits you but does no damage.
You slash the gnoll!
The gnoll is almost dead.
You block the gnoll's attack.
You closely miss the gnoll.
The gnoll is almost dead.
The gnoll closely misses you. The gnoll hits you but does no damage.
You barely miss the gnoll.
The gnoll is almost dead.
The gnoll hits you with a +0 spear.
You die...

.# ### .# ..# .# ##
#.# .# . #.# .# ##.
#.#.# .#
#...#.#.##.####
.._....))@g...# #
...#.#)#.....# #.##.#
#.#^....# ....
#.#.....#
#.####.####.#.......
#...........#######+#
######.#########
##...%..##.....#
#..........###+#


You could see a gnoll.

Vanquished Creatures
  A sky beast (D:4)
  A hound (D:3)
  A gnoll bouda (D:4)
  5 adders
  3 gnolls (D:4)
  4 worms
  4 orcs (D:3)
  7 ball pythons
  8 bats
  4 endoplasms
  2 giant cockroaches
  A goblin (D:1)
  4 hobgoblins
  7 kobolds
  6 quokkas
  3 frilled lizards
  5 rats
66 creatures vanquished.

Notes
Turn   | Place    | Note
-------+----------+-------------------------------------------
     0 | D:1      | qw the Gargoyle Fighter began the quest for the Orb.
     0 | D:1      | Reached XP level 1. HP: 14/14 MP: 1/1
     0 | D:1      | 0 ||| qw: Version: 0.2-a-10-g399e6c4
     0 | D:1      | 0 ||| qw: Game counter: 235
     0 | D:1      | 0 ||| qw: Always use a shield: true
     0 | D:1      | 0 ||| qw: God list: Okawaru
     0 | D:1      | 0 ||| qw: Allow faded altars: false
     0 | D:1      | 0 ||| qw: Do Orc after D:15 true
     0 | D:1      | 0 ||| qw: Do second Lair branch before Depths: true
     0 | D:1      | 0 ||| qw: Lair rune preference: random
     0 | D:1      | 0 ||| qw: Plans: Normal, Zot:1-4, God:TSO, Crypt, Tomb,
                  | Pan, Slime:5, Hells, Abyss, Orb
     0 | D:1      | 0 ||| PLANNING D:1-11
    92 | D:1      | Reached skill level 2 in Axes
   208 | D:1      | Reached XP level 2. HP: 19/19 MP: 2/2
   536 | D:1      | 536 ||| Stepping ~*~*~tactically~*~*~ (stealth).
   919 | D:1      | 919 ||| UPGRADING to +0 cloak.
   924 | D:1      | 924 ||| READING 2 scrolls labelled YTHRAF XUEMI.
   925 | D:1      | 925 ||| READING scroll labelled ASKOUC NEOK.
   926 | D:1      | 926 ||| DROPPING scroll of fear.
   957 | D:2      | Reached skill level 3 in Axes
   957 | D:2      | Reached XP level 3. HP: 16/23 MP: 3/3
  1103 | D:2      | 1103 ||| Stepping ~*~*~tactically~*~*~ (stealth).
  1111 | D:2      | 1111 ||| Stepping ~*~*~tactically~*~*~ (stealth).
  1120 | D:2      | 1120 ||| READING scroll of enchant armour.
  1120 | D:2      | 1120 ||| ENCHANTING +0 cloak.
  1424 | D:2      | Reached XP level 4. HP: 26/28 MP: 4/4
  1441 | D:2      | 1441 ||| Stepping ~*~*~tactically~*~*~ (stealth).
  1649 | D:2      | Reached skill level 4 in Axes
  1802 | D:2      | Found a faded altar of an unknown god.
  1809 | D:2      | 1809 ||| UPGRADING to +0 plate armour.
  1819 | D:2      | 1819 ||| DROPPING +0 scale mail.
  1820 | D:2      | 1820 ||| READING scroll labelled IJOMIU VICA.
  1821 | D:2      | 1821 ||| READING scroll labelled HOYNYA ICIUPA.
  2040 | D:3      | Found a snail-covered altar of Cheibriados.
  2108 | D:3      | 2108 ||| Stepping ~*~*~tactically~*~*~ (stealth).
  2111 | D:3      | 2111 ||| Stepping ~*~*~tactically~*~*~ (stealth).
  2112 | D:3      | 2112 ||| Stepping ~*~*~tactically~*~*~ (stealth).
  2114 | D:3      | 2114 ||| Stepping ~*~*~tactically~*~*~ (stealth).
  2115 | D:3      | 2115 ||| Stepping ~*~*~tactically~*~*~ (stealth).
  2116 | D:3      | 2116 ||| Stepping ~*~*~tactically~*~*~ (stealth).
  2143 | D:3      | Reached XP level 5. HP: 31/32 MP: 5/5
  2376 | D:3      | 2376 ||| DROPPING +0 whip.
  2570 | D:3      | 2570 ||| DROPPING amulet of faith.
  2571 | D:3      | 2571 ||| READING scroll labelled ECESOB NUIDYTE.
  2605 | D:4      | Noticed a sky beast
  2625 | D:4      | Killed a sky beast
  2626 | D:4      | Reached skill level 5 in Axes
  2626 | D:4      | Reached XP level 6. HP: 29/37 MP: 6/6
  2691 | D:4      | 2691 ||| Stepping ~*~*~tactically~*~*~ (water).
  2806 | D:4      | Found a sacrificial altar of Ru.
  2819 | D:4      | 2819 ||| Stepping ~*~*~tactically~*~*~ (hiding).
  2836 | D:4      | HP: 7/37 [gnoll bouda/+0 whip (3)]
  2843 | D:4      | HP: 1/38 [gnoll/+0 spear[a gnoll bouda] (6)]
  2848 | D:4      | Slain by a gnoll

Levels and vault maps discovered:
D:1:      minmay_arrival_four_houses, layout_basic, dk_noncrumbling_3
D:2:      layout_loops_ring, basic_ecumenical_altar
D:3:      layout_loops_ring, mainiacjoe_overflow_alcove_4, st_stairs_11
D:4:      layout_rooms, nicolae_ru_sacrificial_ziggurat,
          nicolae_uskayaw_murder_on_the_dancefloor, nicolae_hexahallways,
          roderic_lattice_a, uniq_eustachio

Skill      XL: |  1  2  3  4  5  6 |
---------------+-------------------+-----
Axes           | 2 3 4 5 |  5.6
Fighting       | 4 |  4.0
Armour         | |  3.2
Shields        | |  3.2

Action                   |  1- 3 |  4- 6 || total
-------------------------+-------+-------++-------
Melee: War axe           |   105 |   111 ||   216
Throw: Boomerang         |       |     7 ||     7
  Use: Scroll            |     3 |     3 ||     6
Armor: Scale mail        |    53 |     3 ||    56
       Plate armour      |       |    84 ||    84
Dodge: Dodged            |    52 |    36 ||    88
Block: Buckler           |    18 |    26 ||    44

Table legend:
 A = Non-vault XP
 B = Vault XP
 C = Vault XP percentage of total XP
 D = Non-vault monster count
 E = Vault monster count
 F = Vault count percentage of total count
                 A         B        C        D         E       F
            +---------+---------+-------+---------+---------+-------
      Total |     416 |      19 |   4.4 |      62 |       4 |   6.1
            +---------+---------+-------+---------+---------+-------
        D:1 |      23 |       0 |   0.0 |      13 |       0 |   0.0
        D:2 |      80 |       0 |   0.0 |      22 |       0 |   0.0
        D:3 |      83 |      19 |  18.6 |      16 |       4 |  20.0
        D:4 |     230 |       0 |   0.0 |      11 |       0 |   0.0
            +---------+---------+-------+---------+---------+-------
